 Dungeon Crawl Stone Soup version 0.19-a0-36-g4a0968a (webtiles) character file.

2368 M4edhros the Covert (level 9, -16/53 HPs)
             Began as an Octopode Artificer on May 4, 2016.
             Demolished by Joseph
             ... wielding a +0 quarterstaff
              (19 damage)
             ... on level 7 of the Dungeon.
             The game lasted 00:28:44 (34724 turns).

M4edhros the Covert (Octopode Artificer)           Turns: 34724, Time: 00:28:45

Health: -16/53     AC:  2    Str:  8      XL:     9   Next: 44%
Magic:  11/11      EV: 11    Int: 12 (13) God:    Xom [..*...]
Gold:   534        SH: 10    Dex: 12 (13) Spells: 0 memorised, 8 levels left

rFire  + . .     SeeInvis .     a - +0 short sword
rCold  . . .     Gourm    +     k - +0 shield
rNeg   . . .     Faith    .     (helmet restricted)
rPois  +         Spirit   .     n - amulet of the gourmand
rElec  .         Dismiss  .     y - ring of poison resistance
rCorr  .         Reflect  .     B - ring of loudness (curse)
SustAt .         Harm     .     p - ring of protection from fire
MR     .....                    (no ring)
Stlth  +++++.....               (no ring)
                                (no ring)
                                (no ring)
                                (no ring)

@: not resistant to hostile enchantments, quite stealthy
A: almost no armour, amphibious, 8 rings, constrict 8, molten scales 1,
camouflage 1, clumsy 1, deterioration 1, dopey 1, mutation resistance 2, weak 1,
gelatinous body 1
a: Renounce Religion


You were on level 7 of the Dungeon.
You worshipped Xom.
You were a toy of Xom.
You were not hungry.

You visited 2 branches of the dungeon, and saw 9 of its levels.
You also visited: Ossuary.

You collected 534 gold pieces.

Inventory:

Hand Weapons
 a - a +0 short sword (weapon)
 t - a +0 hunting sling
 x - a +3 blowgun
 A - a +0 dagger of pain
 H - a +1 morningstar of chaos
Missiles
 h - 137 bolts
 u - 88 sling bullets
 w - 148 stones (quivered)
 z - 58 poisoned needles
Armour
 k - a +0 shield (worn)
Jewellery
 n - an amulet of the gourmand (around mantle)
 p - a ring of protection from fire (on tentacle)
 v - an uncursed ring of ice
 y - a ring of poison resistance (left tentacle)
 B - a cursed ring of loudness (right tentacle)
Wands
 b - a wand of flame (0/48)
 c - a wand of enslavement (0/24)
 d - a wand of random effects (0/48)
Scrolls
 g - a scroll of immolation
 i - 4 scrolls of remove curse
 j - 2 scrolls of teleportation
 m - 2 scrolls of fog {unknown}
 q - 2 scrolls of fear {unknown}
 r - a scroll of amnesia
 s - 6 scrolls of identify
 C - a scroll of random uselessness {unknown}
 D - 2 scrolls of recharging
Potions
 e - 2 potions of brilliance
 l - 2 potions of magic
Books
 E - a book of Dreams

   Spells                             Type                      Level
   a - Ensorcelled Hibernation        Hexes/Ice                    2
   b - Silence                        Hexes/Air                    5
   c - Darkness                       Hexes                        6
   d - Shadow Creatures               Summoning                    6
 F - a book of Flames

   Spells                             Type                      Level
   a - Flame Tongue                   Conjuration/Fire             1
   b - Throw Flame                    Conjuration/Fire             2
   c - Conjure Flame                  Conjuration/Fire             3
   d - Inner Flame                    Hexes/Fire                   3
   e - Sticky Flame                   Conjuration/Fire             4
   f - Fireball                       Conjuration/Fire             5
 I - a Fen Folio

   Spells                             Type                      Level
   a - Corpse Rot                     Necromancy                   2
   b - Stone Arrow                    Conjuration/Earth            3
   c - Leda's Liquefaction            Hexes/Earth                  4
   d - Summon Forest                  Summoning/Translocation      5
   e - Hydra Form                     Transmutation                6
   f - Summon Hydra                   Summoning                    7
Comestibles
 f - 3 bread rations
 o - a meat ration


   Skills:
 - Level 1.0 Fighting
 - Level 1.0 Short Blades
 - Level 2.0 Dodging
 + Level 10.3 Stealth
 * Level 10.0 Shields
 - Level 3.2 Evocations


You had 8 spell levels left.
You didn't know any spells.

Dungeon Overview and Level Annotations

Branches:
Dungeon (8/15)             Temple (1/1) D:6
   Lair: D:8-11

Altars:
Ashenzari
Cheibriados
Dithmenos
Elyvilon
Gozag
Kikubaaqudgha
Makhleb
Okawaru
Pakellas
Ru
Sif Muna
Trog
Vehumet
Xom
Yredelemnul
Zin
The Shining One

Annotations:
D:3 M4edhros's ghost, amateur OpAr
D:7 Joseph


Innate Abilities, Weirdness & Mutations

You cannot wear most types of armour.
You are amphibious.
You can wear up to eight rings at the same time.
You can use your tentacles to constrict eight enemies at once.
Your skin changes colour to match your surroundings (Stealth).
Your rubbery body absorbs attacks (AC +1).
You are partially covered in molten scales (AC +1).
You are clumsy. (Dex -2)
Your body sometimes deteriorates upon taking damage.
You are dopey. (Int -2)
You are somewhat resistant to both further mutation and mutation removal.
You are weak. (Str -2)


Message History

* * * LOW HITPOINT WARNING * * *
A shower of butterflies erupts from you!
You hit Joseph but do no damage.
Joseph is heavily wounded.
You constrict Joseph.
Joseph hits you with an uncursed quarterstaff!
* * * LOW HITPOINT WARNING * * *
Your body deteriorates!
You feel dopey.
Evoke which item? (* to show all) (? for menu, Esc to quit)
Okay, then.
Drink which item? (? for menu, Esc to quit)
Okay, then.
Read which item? (? for menu, Esc to quit)
Okay, then.
You hit Joseph. You squeeze Joseph, but do no damage.
Joseph is heavily wounded.
You constrict Joseph.
Joseph hits you with an uncursed quarterstaff!!
You die...
Xom chortles!

#..........############
#........yh##.......##.
#.......y..y..<.....#.
#...##.ohhh#........#.
#...##.....#........#.
#....+.....#.......##.
#...##....##.......###
#...####'###.......')รท
#....@....##.......##.
#....b@...##.......##.
#...Y......#.......##.
###b##....##.......##.
#.# ###'##..........
... .#######+###. ....
# #. ..... #. #.


You could see Joseph and an ice beast.

Vanquished Creatures
  Grinder (D:3)
  A golden eye (D:5)
  A warg (D:5)
  A necrophage (D:6)
  2 centaurs
  A big kobold (D:7)
  A giant frog (D:6)
  2 scorpions
  7 killer bees
  2 howler monkeys (D:4)
  2 crimson imps (D:5)
  2 jellies
  A hound (D:6)
  4 orc priests
  A centaur skeleton (D:4)
  5 orc wizards
  An iguana (D:6)
  Ijyb (D:3)
  4 worker ants
  3 hound zombies
  The ghost of M4edhros the Charlatan, a weakling OpAr (D:4)
  A hound skeleton (D:4)
  7 mummies (Ossuary)
  A worker ant zombie (D:5)
  3 gnolls (D:4)
  A howler monkey skeleton (D:4)
  9 adders
  A shadow imp (D:5)
  3 worms
  4 dart slugs
  3 giant geckos
  13 orcs
  5 giant cockroaches
  6 goblins
  9 hobgoblins
  3 jackals
  A quokka (D:4)
  3 ball pythons
  6 bats
  A giant gecko zombie (D:5)
  4 giant newts
  2 gnoll zombies (Ossuary)
  3 hobgoblin zombies (Ossuary)
  8 kobolds
  A kobold zombie (Ossuary)
  2 orc zombies (Ossuary)
  5 rats
149 creatures vanquished.

Vanquished Creatures (collateral kills)
  A mummy (Ossuary)
  A gnoll (D:4)
  An ooze (D:5)
  A kobold (D:7)
4 creatures vanquished.

Vanquished Creatures (others)
  A necrophage (D:5)
  An ogre (D:5)
  A killer bee (D:7)
  A jelly (D:5)
  A jackal (D:5)
5 creatures vanquished.

Grand Total: 158 creatures vanquished

Notes
Turn   | Place    | Note
--------------------------------------------------------------
     0 | D:1      | M4edhros the Octopode Artificer began the quest for the Orb.
     0 | D:1      | Reached XP level 1. HP: 13/13 MP: 3/3
   116 | D:1      | Reached XP level 2. HP: 10/18 MP: 4/4
   737 | D:2      | Reached skill level 1 in Shields
   737 | D:2      | Reached XP level 3. HP: 21/23 MP: 5/5
   770 | D:2      | Found a deep blue altar of Sif Muna.
  1242 | D:3      | Reached XP level 4. HP: 28/28 MP: 6/6
  1445 | D:3      | Noticed M4edhros's ghost (amateur OpAr)
  2048 | D:4      | Found a sand-covered staircase.
  2056 | Ossuary  | Entered an ossuary
  2346 | Ossuary  | Reached XP level 5. HP: 33/33 MP: 7/7
  2470 | Ossuary  | Reached skill level 5 in Stealth
  2755 | D:4      | Reached XP level 6. HP: 31/38 MP: 8/8
  2882 | D:5      | Entered Level 5 of the Dungeon
  2898 | D:5      | Noticed a phantom
  2906 | D:5      | Gained mutation: You are agile. (Dex +2) [potion of beneficial mutation]
  2937 | D:5      | Gained mutation: You evolve. [potion of mutation]
  2937 | D:5      | Lost mutation: You evolve. [potion of mutation]
  2937 | D:5      | Lost mutation: You are agile. (Dex +2) [potion of mutation]
  2938 | D:5      | Gained mutation: Your spells are a little harder to cast, but a little more powerful. [potion of mutation]
  2938 | D:5      | Gained mutation: You can translocate small distances at will. [potion of mutation]
  2938 | D:5      | Gained mutation: You possess an exceptional clarity of mind. [potion of mutation]
  2962 | D:4      | Reached skill level 5 in Shields
  3211 | D:5      | Reached XP level 7. HP: 30/43 MP: 9/9
  3633 | D:5      | Noticed a warg
  3633 | D:5      | an ogre changed into a warg
  4007 | D:6      | Found a staircase to the Ecumenical Temple.
  4028 | Temple   | Entered the Ecumenical Temple
  4045 | Temple   | Became a worshipper of Xom of Chaos
  4351 | D:6      | XOM: colour smoke trail
  4375 | D:6      | XOM: scenery: create altars
  4420 | D:5      | XOM: mild Air miscast
  4425 | D:5      | HP: 2/43 [centaur (2)]
  4692 | D:2      | XOM: smoke on damage
  4766 | D:2      | XOM: summons 2 hostile shadow creatures
  5419 | D:2      | XOM: mild Chrm miscast
  5536 | D:1      | XOM: mild Summ miscast
  5866 | D:2      | XOM: divination: magic mapping
  6267 | Temple   | XOM: 1-stop teleportation journey
  6306 | Temple   | XOM: colour smoke trail
  6337 | Temple   | XOM is BORED!
  6337 | Temple   | XOM: summons 3 hostile demons
  6361 | D:6      | XOM: mild Necr miscast
  6361 | D:6      | XOM: smoke on damage
  7034 | D:6      | XOM: enchant monster (bad)
  7175 | D:4      | XOM: summons 4 hostile shadow creatures
  7219 | D:5      | XOM: mild Necr miscast
  7510 | D:3      | Noticed Ijyb
  7527 | D:3      | Killed Ijyb
  7610 | D:3      | Noticed Grinder
  7613 | D:3      | Paralysed by Grinder for 4 turns
  7619 | D:3      | Paralysed by Grinder for 2 turns
  7623 | D:3      | XOM: potion effect (berserk rage)
  7624 | D:3      | Killed Grinder
  7624 | D:3      | Reached XP level 8. HP: 48/48 MP: 10/10
  7650 | D:3      | XOM: colour smoke trail
  7697 | D:3      | XOM: medium Trmt miscast
  7699 | D:3      | Lost mutation: Your spells are a little harder to cast, but a little more powerful. [mutagenic glow]
  7770 | D:3      | Gained mutation: Your body sometimes deteriorates upon taking damage. [mutagenic glow]
  7889 | D:4      | Noticed M4edhros's ghost (weakling OpAr)
  7900 | D:4      | Killed M4edhros's ghost
  7980 | D:4      | XOM: 2-stop teleportation journey
  8610 | Temple   | XOM: 4-stop teleportation journey
  9484 | Temple   | XOM: give mutations
  9484 | Temple   | Gained mutation: You evolve. [Xom's mischief]
  9484 | Temple   | Gained mutation: You are partially covered in molten scales (AC +1). [Xom's mischief]
  9484 | Temple   | Gained mutation: You are frail (-10% HP). [Xom's mischief]
  9484 | Temple   | Lost mutation: You evolve. [Xom's mischief]
  9484 | Temple   | Gained mutation: You are somewhat resistant to further mutation. [Xom's mischief]
  9996 | Temple   | XOM: god gift: encrusted cabochon ring {god gift}
 11669 | Temple   | XOM is BORED!
 11669 | Temple   | XOM: medium Chrm miscast
 12381 | Temple   | XOM: give mutations
 12381 | Temple   | Lost mutation: Your body sometimes deteriorates upon taking damage. [Xom's mischief]
 12381 | Temple   | Gained mutation: You are somewhat resistant to both further mutation and mutation removal. [Xom's mischief]
 12381 | Temple   | Gained mutation: You are clumsy. (Dex -2) [Xom's mischief]
 12381 | Temple   | Gained mutation: You are weak. (Str -2) [Xom's mischief]
 12505 | Temple   | XOM: god gift: meat ration
 13311 | Temple   | XOM: give mutations
 13311 | Temple   | Lost mutation: You can translocate small distances at will. [Xom's mischief]
 13311 | Temple   | Gained mutation: Scrolls take you a little longer to read. [Xom's mischief]
 13311 | Temple   | Lost mutation: You are frail (-10% HP). [Xom's mischief]
 13311 | Temple   | Gained mutation: You are dopey. (Int -2) [Xom's mischief]
 13362 | Temple   | XOM is BORED!
 13362 | Temple   | XOM: summons 1 hostile demon
 13437 | Temple   | XOM: mild Chrm miscast
 15756 | Temple   | XOM: colour smoke trail
 16535 | Temple   | XOM: divination: detect creatures
 16712 | Temple   | XOM: divination: magic mapping
 17580 | Temple   | XOM: harmless Pois miscast
 17943 | Temple   | XOM is BORED!
 17943 | Temple   | XOM: medium Conj miscast
 18484 | Temple   | XOM: mild Necr miscast
 18936 | Temple   | XOM: vitrification
 20714 | Temple   | XOM: god gift: 30 bolts
 20956 | Temple   | XOM is BORED!
 20956 | Temple   | XOM: medium Ice miscast
 21140 | Temple   | XOM: colour smoke trail
 21427 | Temple   | XOM: god gift: scroll of recharging
 21875 | Temple   | XOM: give mutations
 21875 | Temple   | Gained mutation: Your spells are a little harder to cast, but a little more powerful. [Xom's grace]
 21875 | Temple   | Gained mutation: Your spells are harder to cast, but more powerful. [Xom's grace]
 21875 | Temple   | Gained mutation: You are resistant to hostile enchantments. [Xom's grace]
 22122 | Temple   | XOM is BORED!
 22122 | Temple   | XOM: summons 4 hostile demons
 22388 | D:4      | XOM: scenery: 2 doors open, 1 doors close
 22598 | D:4      | Found a shattered altar of Ashenzari.
 22703 | D:4      | XOM: scenery: 1 doors open, 1 doors close
 23019 | D:3      | Found an iron altar of Okawaru.
 23019 | D:3      | Found a snail-covered altar of Cheibriados.
 23021 | D:3      | Found a radiant altar of Vehumet.
 23088 | D:3      | XOM: give mutation
 23088 | D:3      | Lost mutation: You are clumsy. (Dex -2) [Xom's grace]
 23227 | D:5      | XOM: severe Divn miscast
 23229 | D:5      | Lost mutation: You are dopey. (Int -2) [potion of cure mutation]
 23229 | D:5      | Lost mutation: Scrolls take you a little longer to read. [potion of cure mutation]
 23229 | D:5      | Lost mutation: You are resistant to hostile enchantments. [potion of cure mutation]
 23802 | Temple   | XOM: mild Conj miscast
 24088 | Temple   | XOM: divination: detect creatures
 24589 | Temple   | XOM: colour smoke trail
 25327 | Temple   | XOM: mild Erth miscast
 25861 | Temple   | XOM: harmless Necr miscast
 26453 | D:5      | XOM: divination: detect items
 26456 | D:5      | XOM: stat loss: -1 Int (14/15)
 26482 | D:5      | XOM is BORED!
 26482 | D:5      | XOM: mild Summ miscast
 26489 | D:5      | XOM: 1-stop teleportation journey
 26494 | D:5      | XOM: polymorph jelly -> giant frog
 26504 | D:5      | XOM: polymorph giant frog -> crocodile
 26508 | D:5      | XOM: draining
 26513 | D:5      | XOM: polymorph crocodile -> golden eye
 26517 | D:5      | XOM: noise
 26540 | D:5      | XOM: chaos cloud
 26651 | D:5      | XOM: 1-stop teleportation journey
 26770 | D:5      | XOM: blink monster(s)
 26782 | D:5      | XOM: scenery: create altars
 26793 | D:5      | XOM: harmless Summ miscast
 26796 | D:5      | XOM: enchant monster (good)
 26831 | D:5      | XOM: potion effect (haste)
 26895 | D:5      | XOM: blink monster(s)
 26905 | D:5      | XOM: 3-stop teleportation journey
 27117 | D:5      | XOM: fog
 27147 | D:5      | XOM: harmless Erth miscast
 27165 | D:5      | XOM: potion effect (agility)
 27178 | D:5      | XOM: cast spell 'Call Canine Familiar'
 27195 | D:5      | XOM: summons friendly white imp
 27197 | D:5      | XOM: divination: magic mapping
 27206 | D:5      | XOM: 1-stop teleportation journey
 27233 | D:5      | XOM: polymorph crimson imp -> shadow imp
 27276 | D:5      | XOM: confuse monster(s)
 27323 | D:5      | XOM: potion effect (haste)
 27331 | D:5      | XOM: cast spell 'Leda's Liquefaction'
 27335 | D:5      | XOM: enchant monster (good)
 27372 | D:5      | XOM: divination: detect creatures
 27398 | D:5      | XOM: divination: magic mapping
 27417 | D:5      | XOM: cast spell 'Discord'
 27425 | D:5      | XOM: enchant monster (good)
 27449 | D:4      | XOM: god gift: large bronze ring {god gift}
 28712 | Temple   | XOM: god gift: potion of brilliance
 28733 | Temple   | XOM: noise
 28886 | Temple   | XOM: god gift: papyrus book {god gift}
 29835 | Temple   | XOM: give mutations
 29835 | Temple   | Gained mutation: You are dopey. (Int -2) [Xom's mischief]
 29835 | Temple   | Lost mutation: Your spells are harder to cast, but more powerful. [Xom's mischief]
 29853 | Temple   | XOM: give mutations
 29853 | Temple   | Lost mutation: You are weak. (Str -2) [Xom's mischief]
 29853 | Temple   | Lost mutation: You possess an exceptional clarity of mind. [Xom's mischief]
 29853 | Temple   | Lost mutation: You are dopey. (Int -2) [Xom's mischief]
 29853 | Temple   | Gained mutation: You are weak. (Str -2) [Xom's mischief]
 30093 | Temple   | XOM: summons 4 hostile demons
 30094 | Temple   | Noticed a soul eater
 30297 | D:6      | XOM: 3-stop teleportation journey
 30376 | D:6      | Reached XP level 9. HP: 51/51 MP: 11/11
 30428 | D:6      | XOM: mild Chrm miscast
 31145 | D:7      | XOM: enchant monster (bad)
 31173 | D:7      | Reached skill level 10 in Stealth
 31710 | D:7      | XOM: scenery: 2 doors open, 1 doors close
 31734 | D:7      | XOM: god gift: glowing morningstar {god gift}
 32122 | Temple   | XOM: god gift: hardcover book {god gift}
 33443 | Temple   | XOM is BORED!
 33443 | Temple   | XOM: give mutations
 33443 | Temple   | Lost mutation: Your spells are a little harder to cast, but a little more powerful. [Xom's mischief]
 33443 | Temple   | Gained mutation: You are dopey. (Int -2) [Xom's mischief]
 33443 | Temple   | Gained mutation: Your body sometimes deteriorates upon taking damage. [Xom's mischief]
 33443 | Temple   | Gained mutation: You are clumsy. (Dex -2) [Xom's mischief]
 34285 | Temple   | XOM: cast spell 'Summon Butterflies'
 34431 | D:6      | Reached skill level 10 in Shields
 34607 | D:6      | XOM: divination: detect creatures
 34717 | D:7      | Noticed Joseph
 34721 | D:7      | XOM: harmless Summ miscast
 34722 | D:7      | XOM: butterfly on damage
 34724 | D:7      | Demolished by Joseph

Vault maps used:
D:1:      evilmike_arrival_hilbert_curve
D:2:      lemuel_blue_sif_altar
D:3:      grunt_temple_overflow_open, uniq_grinder, uniq_iyjb
D:4:      overflow_temple_1_default, first_bread,
          lightli_ossuary_entry_decrepit_ruins
D:5:      minmay_liquid_box, minmay_strange_pillars
D:6:      minmay_temple_entry_large_hall
D:7:      kennysheep_mini_moat, uniq_joseph
D:8:      lemuel_doored_altar
Temple:   circular_temple_12
Ossuary:  ossuary_tomb_3

Skill      XL: |  1  2  3  4  5  6  7  8  9 |
---------------+----------------------------+-----
Stealth        | 3 4 5 6 8 9 10 | 10.3
Shields        | 1 2 3 4 5 7 8 10 | 10.0
Fighting       | |  1.0
Short Blades   | |  1.0
Dodging        | |  2.0
Evocations     | |  3.2

Action                   |  1- 3 |  4- 6 |  7- 9 || total
-------------------------+-------+-------+-------++-------
Melee: Short sword       |    39 |    20 |   276 ||   335
       Constrict         |    10 |    26 |    71 ||   107
       Tentacles         |     4 |    24 |    64 ||    92
       Dagger            |       |   109 |    98 ||   207
       Unarmed           |       |       |     3 ||     3
       Morningstar       |       |       |    11 ||    11
Evoke: Wand              |       |    25 |    20 ||    45
  Use: Scroll            |       |     8 |     3 ||    11
       Potion            |       |    14 |    11 ||    25
 Stab: Sleeping          |    12 |     9 |    12 ||    33
       Distracted        |       |       |     2 ||     2
  Eat: Chunk             |       |     8 |    57 ||    65
       Pizza             |       |     1 |       ||     1
       Beef jerky        |       |       |     2 ||     2
       Meat ration       |       |       |     5 ||     5
       Fruit             |       |       |     4 ||     4
       Bread ration      |       |       |     2 ||     2
Armor: Skin              |     5 |    20 |    34 ||    59
Dodge: Dodged            |    10 |    44 |   170 ||   224
Block: Shield            |     9 |    49 |   211 ||   269
